 Dungeon Crawl Stone Soup version 0.30-a0-913-g9934a0ce24 (webtiles) character file.

Game seed: 662226076075384602

1757935 juan097 the Intangible (level 27, 224/224 HPs)
             Began as a Merfolk Gladiator on Mar 17, 2023.
             Was the Champion of Dithmenos.
             Escaped with the Orb
             ... and 3 runes on Mar 19, 2023!
             The game lasted 05:11:30 (66264 turns).

juan097 the Intangible (Merfolk Gladiator)         Turns: 66264, Time: 05:11:31

Health: 224/224    AC: 22    Str:  7    XL:     27
Magic:  33/33      EV: 52    Int:  5    God:    Dithmenos [******]
Gold:   3551       SH: 15    Dex: 40    Spells: 32/36 levels left

rFire   + + .      SeeInvis +    a - +9 double sword (elec)
rCold   + + +      Faith    .    u - +4 buckler "Ozauxuf" {Contam rF++}
rNeg    + . .      Spirit   +    T - +3 acid dragon scales
rPois   +          Reflect  .    G - +0 helmet {SInv}
rElec   .          Rampage  .    P - +1 cloak "Hero's Friend" {Drain +Inv rC+++ Regen+}
rCorr   +                        C - +2 pair of gloves
Will    ++++.                    M - +2 pair of slick slippers {slick, slippery, EV+5}
Stlth   +++++                    V - amulet "Wesog" {Spirit rPois Dex+3}
HPRegen 1.37/turn                j - ring of Ipled {rN+ Will++ Str-4, =R}
MPRegen 0.23/turn                Z - +6 ring of dexterity

@: wreathed by umbra, studying Stealth
A: (nimble swimmer 2), mertail, iridescent scales 1, agile 1, deformed body,
dopey 1, frail 1, screaming 1, shaggy fur 1, weak 2, no potion heal 1, subdued
magic 1, inability to read after injury 1
0: Orb of Zot
}: 3/15 runes: decaying, serpentine, silver
a: Renounce Religion, Evoke Invisibility, Shadow Step, Shadow Form


You escaped.
You worshipped Dithmenos.
Dithmenos was exalted by your worship.
You visited 9 branches of the dungeon, and saw 47 of its levels.
You visited the Abyss 3 times.
You also visited: Trove, Gauntlet, Ice Cave and Desolation.

You collected 10896 gold pieces.
You spent 7345 gold pieces at shops.

Inventory:

Hand Weapons
 a - a +9 double sword of electrocution (weapon)
 b - a +5 sling of draining
 w - the +9 dagger of Capital Punishment {antimagic, rN+ Str-4 Int+3 Dex+3}
   (You bought it in a shop on level 1 of the Elven Halls)

   Str:       It affects your strength (-4).
   Int:       It affects your intelligence (+3).
   Dex:       It affects your dexterity (+3).
   rN:        It protects you from negative energy.
Missiles
 s - 3 silver javelins (quivered)
 O - 8 curare-tipped darts
 Q - 16 throwing nets
Armour
 u - the +4 buckler "Ozauxuf" (worn) {Contam rF++}
   (You bought it in a shop on level 1 of the Vaults)

   rF:        It greatly protects you from fire.
   Contam:    It causes magical contamination when unequipped.
 C - a +2 pair of gloves (worn)
 G - a +0 helmet of see invisible (worn)
 M - the +2 pair of slick slippers (worn) {slick, slippery, EV+5}
   (You found it on level 3 of the Elven Halls)

   Slick:     Its wearer cannot be constricted, engulfed, netted or webbed.
   Slippery:  It slips away from damaging melee attacks, pulling the attacker
   onward.
   EV:        It affects your evasion (+5).
 P - the +1 cloak "Hero's Friend" (worn) {Drain +Inv rC+++ Regen+}
   (You found it in a Gauntlet)

   rC:        It renders you almost immune to cold.
   +Inv:      It lets you turn invisible.
   Regen:     It increases your rate of health regeneration.
   Drain:     It drains your maximum health when unequipped.
 T - +3 acid dragon scales (worn)
Jewellery
 d - the ring of Loexaup {rElec MP+9 Stlth+}
   (You found it in an ice cave)

   [ring of magical power]

   rElec:     It insulates you from electricity.
   MP:        It affects your magic capacity (+9).
   Stlth:     It makes you more stealthy.
 j - the ring of Ipled (left hand) {rN+ Will++ Str-4, =R}
   (You found it in a treasure trove)

   [ring of positive energy]

   Str:       It affects your strength (-4).
   rN:        It protects you from negative energy.
   Will:      It greatly increases your willpower.
 V - the amulet "Wesog" (around neck) {Spirit rPois Dex+3}
   (You found it on level 5 of the Lair of Beasts)

   [amulet of guardian spirit]

   It causes incoming damage to be divided between your reserves of health and
   magic.
   Dex:       It affects your dexterity (+3).
   rPois:     It protects you from poison.
 X - the ring of Toereh Ejawn {+Blink Fly Int+3 Dex+3}
   (You took it off a vault guard on level 5 of the Vaults)

   [ring of flight]

   Int:       It affects your intelligence (+3).
   Dex:       It affects your dexterity (+3).
   Fly:       It grants you flight.
   +Blink:    It lets you blink.
 Z - a +6 ring of dexterity (right hand)
Wands
 k - a wand of light (27)
 I - a wand of roots (28)
 R - a wand of digging (31)
Scrolls
 h - 9 scrolls of blinking
 n - 8 scrolls of poison
 y - 6 scrolls of butterflies
 B - 29 scrolls of teleportation
 F - 5 scrolls of magic mapping
 H - 7 scrolls of fog
 J - 7 scrolls of silence
 S - 11 scrolls of fear
Potions
 c - 2 potions of berserk rage
 f - 4 potions of lignification
 i - 4 potions of resistance
 l - 13 potions of heal wounds
 m - 4 potions of mutation
 p - 3 potions of might
 q - 2 potions of magic
 t - 8 potions of flight
 v - 2 potions of haste
 x - 9 potions of cancellation
 A - 4 potions of brilliance
 E - 27 potions of curing
 L - 5 potions of ambrosia
 N - 8 potions of attraction
 Y - 4 potions of invisibility
Miscellaneous
 e - a phial of floods
 g - a lightning rod (4/4)
 r - a tin of tremorstones (2/2)
 U - a condenser vane


   Skills:
 O Level 27 Fighting
 - Level 4.1(12.3) Short Blades
 - Level 17.8(18.0) Long Blades
 - Level 14.0 Ranged Weapons
 + Level 13.9 Throwing
 - Level 14.0 Armour
 O Level 27 Dodging
 - Level 15.0 Stealth
 - Level 12.0 Shields
 - Level 5.0 Spellcasting
 - Level 12.0 Transmutations
 - Level 6.0 Earth Magic
 - Level 14.0 Invocations
 - Level 19.0 Evocations


You had 32 spell levels left.
You knew the following spells:

 Your Spells              Type           Power      Damage    Failure   Level
a - Passwall              Tmut/Erth      5%         N/A       1%          2
b - Wereblood             Tmut           10%        N/A       1%          2

Your spell library contained the following spells:

 Spells                   Type           Power      Damage    Failure   Level
 Beastly Appendage        Tmut           20%        N/A       1%          1
 Sandblast                Erth           10%        2d5       3%          1
 Sting                    Tmut/Pois      20%        1d4       3%          1
 Blade Hands              Tmut           5%         N/A       10%         5
 Petrify                  Tmut/Erth      7%         N/A       12%         4
 Spider Form              Tmut/Pois      5%         N/A       13%         3
 Stone Arrow              Conj/Erth      6%         3d7       41%         3
 Ice Form                 Ice/Tmut       5%         N/A       41%         4
 Freeze                   Ice            0%         1d3       47%         1
 Kiss of Death            Conj/Necr      0%         2d5       47%         1
 Magic Dart               Conj           0%         1d3       47%         1
 Necrotise                Necr           0%         1d4       47%         1
 Slow                     Hex            0%         N/A       47%         1
 Summon Small Mammal      Summ           0%         N/A       47%         1
 Call Imp                 Summ           0%         N/A       61%         2
 Cigotuvi's Dreadful Rot  Necr/Pois/Air  0%         N/A       61%         2
 Ensorcelled Hibernation  Hex/Ice        0%         N/A       61%         2
 Poisonous Vapours        Pois/Air       0%         N/A       61%         2
 Scorch                   Fire           0%         2d5       61%         2
 Searing Ray              Conj           0%         2d4       61%         2
 Sublimation of Blood     Necr           0%         N/A       61%         2
 Alistair's Intoxication  Tmut/Pois      3%         N/A       77%         5
 Irradiate                Conj/Tmut      2%         3d12      77%         5
 Lee's Rapid Deconstruct  Erth           2%         3d5*      77%         5
 Leda's Liquefaction      Hex/Erth       1%         N/A       83%         4
 Call Canine Familiar     Summ           0%         N/A       85%         3
 Confusing Touch          Hex            0%         N/A       85%         3
 Dazzling Flash           Conj/Hex       0%         N/A       85%         3
 Frozen Ramparts          Ice            0%         1d1       85%         3
 Gell's Gravitas          Tloc           0%         N/A       85%         3
 Hailstorm                Conj/Ice       0%         3d3       85%         3
 Inner Flame              Hex/Fire       0%         N/A       85%         3
 Mephitic Cloud           Conj/Pois/Air  0%         N/A       85%         3
 Ozocubu's Armour         Ice            0%         N/A       85%         3
 Portal Projectile        Hex/Tloc       0%         N/A       85%         3
 Summon Guardian Golem    Hex/Summ       0%         N/A       85%         3
 Teleport Other           Tloc           0%         N/A       85%         3
 Vampiric Draining        Necr           0%         2d6       85%         3
 Vhi's Electric Charge    Tloc/Air       0%         N/A       85%         3
 Statue Form              Tmut/Erth      4%         N/A       90%         6
 Dragon Form              Tmut           5%         N/A       98%         7
 Anguish                  Hex/Necr       0%         N/A       99%         4
 Cause Fear               Hex            0%         N/A       99%         4
 Dispel Undead            Necr           0%         3d6       99%         4
 Flame Wave               Conj/Fire      0%         2d4       99%         4
 Fulminant Prism          Conj/Hex       0%         3d5       99%         4
 Manifold Assault         Tloc           0%         N/A       99%         4
 Olgreb's Toxic Radiance  Pois           0%         N/A       99%         4
 Summon Ice Beast         Ice/Summ       0%         N/A       99%         4
 Summon Lightning Spire   Summ/Air       0%         N/A       99%         4
 Borgnjor's Vile Clutch   Necr/Erth      1%         N/A       99%         5
 Agony                    Necr           0%         N/A       100%        5
 Arcjolt                  Conj/Air       0%         1d10      100%        5
 Fireball                 Conj/Fire      0%         3d3       100%        5
 Iskenderun's Battlesphe  Conj           0%         2d6       100%        5
 Metabolic Englaciation   Hex/Ice        0%         N/A       100%        5
 Summon Forest            Summ/Tloc      0%         N/A       100%        5
 Summon Mana Viper        Hex/Summ       0%         N/A       100%        5
 Conjure Ball Lightning   Conj/Air       0%         3x3d6     100%        6
 Death Channel            Necr           0%         N/A       100%        6
 Dispersal                Tloc           0%         N/A       100%        6
 Eringya's Noxious Bog    Tmut/Pois      2%         N/A       100%        6
 Simulacrum               Ice/Necr       0%         N/A       100%        6
 Summon Cactus Giant      Summ           0%         N/A       100%        6
 Enfeeble                 Hex            0%         N/A       100%        7
 Malign Gateway           Summ/Tloc      0%         N/A       100%        7
 Orb of Destruction       Conj           0%         9d5       100%        7
 Ozocubu's Refrigeration  Ice            0%         4d7       100%        7
 Storm Form               Tmut/Air       2%         N/A       100%        7
 Summon Hydra             Summ           0%         N/A       100%        7
 Disjunction              Tloc           0%         N/A       100%        8
 Lehudib's Crystal Spear  Conj/Erth      1%         10d2      100%        8
 Maxwell's Capacitive Co  Air            0%         ∞         100%        8
 Summon Horrible Things   Summ           0%         N/A       100%        8
 Chain Lightning          Conj/Air       0%         N/A       100%        9
 Death's Door             Necr           0%         N/A       100%        9
 Fire Storm               Conj/Fire      0%         5d1       100%        9


Dungeon Overview and Level Annotations

Branches:
Dungeon (15/15)            Temple (0/1) D:7            Lair (5/5) D:8
  Swamp (4/4) Lair:3        Snake (4/4) Lair:3        Slime (0/5) Lair:4
    Orc (2/2) D:11            Elf (3/3) Orc:2        Vaults (5/5) D:14
  Crypt (0/3) Vaults:2     Depths (4/4) D:15            Zot (5/5) Depths:4
  IceCv (visited)         Desolation (visited)      Gauntlet (visited)

Altars:
Dithmenos
Elyvilon
Fedhas
Gozag
Kikubaaqudgha
Makhleb
Nemelex Xobeh
Qazlal
Wu Jian
Xom
The Shining One

Shops:
D:4 ?   D:5 (   D:14 *   D:15 [   Orc:2 [*(*   Elf:1 (   Elf:2 (   Snake:1 *
Vaults:1 [*(   Vaults:2 *   Depths:2 *   Depths:4 **!:[

Portals:
Hell: Depths:1 Depths:2 Depths:3 Depths:4
Abyss: Depths:1 Depths:3
Pandemonium: Depths:2
Ziggurat: Depths:2

Annotations:
D:5 1 runed translucent door, jr88keys's ghost, novice MiFi
D:7 3 runed translucent doors, cforsyth's ghost, novice OgFE
Swamp:3 Louise
Vaults:5 Frederick
Depths:1 1 transporter, Osilorir's ghost, veteran MfMo
Depths:4 Mennas
Zot:2 1 transporter


Innate Abilities, Weirdness & Mutations

((You are very nimble when in or above water. (Stealth+, EV+, Speed+++)))
Your lower body shifts to a powerful aquatic tail in water.
You are partially covered in iridescent scales. (AC +2)
You are agile. (Dex +4, Str/Int -1)
Armour fits poorly on your strangely shaped body.
You are dopey. (Int -2)
You are frail. (-10% HP)
You occasionally shout uncontrollably at your foes.
You are covered in fur. (AC +1)
You are very weak. (Str -4)
Potions are less effective at restoring your health.
Your spells are a little easier to cast, but a little less powerful.
You occasionally lose the ability to read scrolls when taking damage.


Message History

The javelin pierces through the hellion.
The hellion gestures at you.
The sphere of damnation explodes!
The damnation engulfs you!!
You throw a silver javelin.
The silver javelin pierces through the hellion!
The hellion is moderately wounded.
The hellion gestures at you.
The sphere of damnation explodes!
The damnation engulfs you!!
You emit a cloud of dark smoke.
You throw a silver javelin.
The silver javelin pierces through the hellion.
The hellion is heavily wounded.
You throw a silver javelin.
The silver javelin barely misses the hellion.
Your shadow throws a javelin.
The javelin completely misses the hellion.
You throw a silver javelin.
The silver javelin closely misses the hellion.
No target in view!
The hellion completely misses you.
You slice the hellion!!
You kill the hellion!
Dithmenos accepts your kill.
No target in view!
(D) Dungeon (T) Temple (L) Lair (S) Swamp (P) Snake Pit (M) Slime Pits (O) Orcish Mines (E) Elven Halls (V) Vaults (C) Crypt (U) Depths (H) Hell (Z) Zot
Where to? (Enter - D:1 @ (x,y), ? - help)
There is an open door here.
Your legs become a tail as you enter the water.
The +2 pair of slick slippers {slick, slippery, EV+5} melds into your body.
The +2 pair of slick slippers {slick, slippery, EV+5} unmelds from your body.
There is a stone staircase leading down here.
Magic restored.
There is an open door here.
There is an open door here.
HP restored.
There is a staircase leading out of the dungeon here.
You have escaped!

##.....#...##...##...##...# #.#
.'.....#..####..##..####..# #.#
##.....#..####..##..####..# #.#
.......#...##...##...##...# #.#
#####..#..................# #.#
.......##................## #.#
##############..##..###### #.#
.....# ######..##..###### #.#
.....# ##.......@........## #.#
.....# #..................# #.#
.....# #...##...##...##...# #.#
.....# #..####..##..####..# #.#
.....# #..####..##..####..# #.#
.....# #...##...##...##...#####'#
.....# #........##........##.....
########'......####......'##.....
#######.##################.#.....


There were no monsters in sight!

Vanquished Creatures
  6 dread liches
  An ancient lich (Zot:5)
  The ghost of bmack86 the Conqueror, a legendary MiFi of Okawaru (Zot:5)
  9 orbs of fire
  Sojobo (Vaults:2)
  Boris (Vaults:5)
  Margery (Vaults:5)
  6 Killer Klowns (Zot:5)
  A caustic shrike (Depths:3)
  3 curse toes (Zot:2)
  12 golden dragons
  A bone dragon (Depths:4)
  Nikola (Vaults:2)
  A Brimstone Fiend (Zot:1)
  the Enchantress (Depths:3)
  Zenata (Elf:2)
  8 electric golems
  A pandemonium lord (Zot:3)
  30 tentacled monstrosities
  Rupert (D:13)
  4 liches
  24 Orb Guardians (Zot:5)
  A deep elf blademaster (Elf:3)
  5 titans
  A walking frostbound tome (Depths:3)
  7 quicksilver dragons
  2 deep elf master archers (Elf:3)
  6 sphinxes
  A walking divine tome (Depths:3)
  9 death cobs
  3 tentacled starspawn (Abyss:3)
  9 shadow dragons
  3 thorn hunters
  20 storm dragons
  13 draconian monks
  4 tengu reavers
  Roxanne (Elf:2)
  16 frost giants
  14 nagarajas
  12 draconian scorchers
  12 draconian knights
  2 imperial myrmidons (Desolation)
  9 fire giants
  3 balrugs
  11 deep elf sorcerers
  2 emperor scorpions (Depths:2)
  A fire giant (shapeshifter) (Vaults:5)
  21 vault wardens
  8 draconian shifters
  Aizul (Snake:1)
  9 deep elf elementalists
  5 ghost moths
  A curse skull (Vaults:2)
  2 cacodemons
  9 spriggan defenders
  2 reapers (Abyss:3)
  An orc warlord (Vaults:3)
  23 stone giants
  3 draconian stormcallers
  A demonspawn blood saint (Depths:2)
  A demonspawn corrupter (Depths:2)
  12 draconian annihilators
  17 ironbound preservers
  6 war gargoyles
  25 very ugly things
  4 ironbound thunderhulks
  5 deep elf demonologists
  3 vampire knights
  12 green draconians
  19 dire elephants
  Nessos (Orc:2)
  17 starcursed masses (Abyss:3)
  25 black draconians
  A minotaur (Gauntlet)
  7 deep elf annihilators
  11 purple draconians
  7 bunyips
  3 halazid warlocks (Desolation)
  15 red draconians
  8 eleionomae
  19 white draconians
  13 yellow draconians
  4 spark wasps
  A blizzard demon (Depths:2)
  A green death (D:2)
  A merfolk javelineer (Depths:2)
  4 fire dragons
  5 deep elf death magi (Elf:3)
  3 crystal guardians
  3 entropy weavers
  5 shambling mangroves
  14 ettins
  4 ragged hierophants (Desolation)
  16 yaktaur captains
  5 great orbs of eyes
  5 servants of whispers (Desolation)
  9 ice dragons
  8 deep elf high priests
  3 rakshasas
  3 salamander tyrants (Snake:2)
  20 hydras
  4 spriggan air magi
  A caustic shrike simulacrum (IceCv)
  13 peacekeepers
  A hell beast (Depths:2)
  5 ironbound frosthearts
  5 boulder beetles
  2 ogre magi
  32 vault guards
  14 anacondas
  2 alligator snapping turtles (Snake:4)
  9 centaur warriors
  2 catoblepae
  27 dancing weapons
  A two-headed ogre (shapeshifter) (Vaults:5)
  13 naga warriors
  13 death yaks
  13 deep troll shamans
  10 alligators
  12 deep troll earth magi
  8 two-headed ogres
  3 hell hogs (Depths:2)
  4 tengu warriors
  An orc high priest (Elf:3)
  5 naga sharpshooters
  19 deep elf knights
  A soul eater (Depths:2)
  11 shock serpents
  6 thrashing horrors
  Urug (Orc:2)
  2 vampire magi (Vaults:2)
  Nergalle (D:11)
  9 hell knights
  6 sun demons
  4 skeletal warriors (D:15)
  4 wretched stars (Abyss:3)
  5 salamander mystics
  6 sixfirhies
  Amaemon (D:10)
  2 skysharks
  79 deep trolls
  11 iron trolls
  3 flayed ghosts
  4 spriggan druids
  4 goliath frogs
  14 sea snakes
  An orb spider (shapeshifter) (Elf:1)
  A swamp dragon (shapeshifter) (Gauntlet)
  8 glowing orange brains
  11 swamp dragons
  3 orange crystal statues
  3 bog bodies
  4 wizards
  3 phantasmal warriors
  14 deep elf archers
  A glowing orange brain (shapeshifter) (Depths:1)
  6 naga ritualists
  3 tengu zombies
  26 ironbound convokers
  10 lindwurms
  8 orc knights
  20 large abominations
  22 deep elf pyromancers
  42 deep elf zephyrmancers
  A stone giant zombie (Vaults:4)
  47 ugly things
  10 harpies (Vaults:1)
  5 necromancers
  2 wolf spiders (Depths:2)
  3 oklob plants
  A sphinx zombie (Depths:3)
  A human zombie (Vaults:4)
  45 moths of wrath
  14 mana vipers
  6 orc sorcerers
  3 manticores
  39 salamanders
  2 worldbinders (Abyss:3)
  A shining eye (shapeshifter) (D:14)
  7 cyclopes
  A wolf spider (shapeshifter) (Vaults:5)
  7 will-o-the-wisps
  10 guardian serpents
  33 black mambas
  4 elephants (Lair:1)
  5 orange demons
  3 rust devils
  15 vault sentinels
  An elf zombie (Vaults:1)
  16 cane toads
  5 torpor snails (Lair:5)
  A smoke demon (Abyss:3)
  13 naga magi
  A molten gargoyle (Desolation)
  An eye of devastation (shapeshifter) (Vaults:5)
  2 gargoyles (D:10)
  8 rime drakes
  A rime drake (shapeshifter) (D:13)
  5 unseen horrors
  4 freezing wraiths
  3 efreet
  4 komodo dragons
  2 tengu conjurers (Depths:2)
  A tormentor (Depths:2)
  4 anaconda simulacra (IceCv)
  30 yaktaurs
  2 hellions
  4 ancient zymes (Abyss:3)
  3 golden dragon simulacra (IceCv)
  A red devil (Depths:2)
  2 bloated husks (Swamp:1)
  15 trolls
  A polar bear (D:8)
  A tarantella (Vaults:2)
  A hellwing (Abyss:3)
  8 raiju
  13 tyrant leeches
  23 blink frogs
  39 saltlings (Desolation)
  23 hornets
  A harpy skeleton (Abyss:3)
  An ettin zombie (Vaults:1)
  A blink frog (shapeshifter) (Gauntlet)
  A dream sheep (shapeshifter) (Depths:4)
  A slime creature (shapeshifter) (Depths:4)
  36 slime creatures
  A human simulacrum (Vaults:4)
  3 snapping turtles (Snake:4)
  4 air elementals
  2 water elementals
  A centaur simulacrum (D:15)
  A culicivora (shapeshifter) (D:14)
  A fire bat (Abyss:3)
  12 spriggans
  9 wraiths
  30 yaks
  A wyvern (Lair:5)
  2 dire elephant simulacra (IceCv)
  3 ynoxinuls
  A fire bat (shapeshifter) (Elf:3)
  2 steam dragons
  4 fire elementals
  A golden eye (Abyss:3)
  A golden eye (shapeshifter) (Gauntlet)
  6 redbacks
  4 neqoxecs
  4 chaos spawn
  19 vampire mosquitoes
  A harpy simulacrum (IceCv)
  3 wargs
  22 swamp worms
  6 acid dragons
  60 nagas
  5 hell hounds
  Duvessa (D:7)
  3 hydra simulacra (IceCv)
  8 water moccasins
  9 swamp drakes
  27 orc warriors
  3 sky beasts
  3 ice beasts (D:8)
  2 floating eyes
  11 ogres
  7 wolves
  An ettin simulacrum (IceCv)
  An orc zombie (Vaults:1)
  24 centaurs
  A phantom (D:6)
  2 kobold brigands
  6 gnoll sergeants
  9 bullfrogs
  3 earth elementals
  A scorpion (D:5)
  A wight (D:10)
  Dowan (D:7)
  2 lindwurm simulacra (IceCv)
  27 killer bees
  6 electric eels
  3 howler monkeys
  A crimson imp (D:9)
  A lava snake (Snake:2)
  8 hounds
  2 iron imps
  6 gnoll boudas
  9 orc priests
  A sleepcap (D:6)
  Ijyb (D:4)
  3 iguanas
  19 orc wizards
  5 lightning spires (Zot:4)
  14 small abominations
  A boggart simulacrum (D:15)
  Robin (D:2)
  55 gnolls
  4 adders
  2 shadow imps
  3 white imps
  3 ufetubi
  A worm (D:2)
  4 dart slugs
  69 orcs
  10 endoplasms
  5 giant cockroaches
  10 goblins (D:2)
  8 hobgoblins
  8 jackals
  2 quokkas (D:1)
  9 ball pythons
  6 bats
  3 frilled lizards
  13 kobolds
  5 rats
  2 ball lightnings (Zot:4)
  A butterfly (Lair:4)
  A lurking horror (Depths:1)
2503 creatures vanquished.

Vanquished Creatures (others)
  An Orb Guardian (Zot:5)
  A storm dragon (Zot:4)
  5 draconian knights
  A draconian shifter (Zot:4)
  A green draconian (Zot:2)
  A black draconian (Zot:4)
  3 deep elf knights
  A spriggan (Swamp:1)
  A spriggan druid (Swamp:1)
  A sixfirhy (Zot:4)
  2 wizards
  A deep elf zephyrmancer (Elf:2)
  A bloated husk (Swamp:1)
  2 hornets
  A swamp worm (Swamp:1)
  2 orcs (D:9)
  3 ball lightnings (Zot:4)
  3 briar patches (Swamp:1)
  10 bushes
  14 demonic plants (Gauntlet)
  29 foxfires
  23 fungi
  147 plants
  6 starspawn tentacles (Abyss:3)
  4 withered plants (Depths:2)
264 creatures vanquished.

Grand Total: 2767 creatures vanquished

Notes
Turn   | Place    | Note
-------+----------+-------------------------------------------
     0 | D:1      | juan097 the Merfolk Gladiator began the quest for the Orb.
     0 | D:1      | Reached XP level 1. HP: 16/16 MP: 1/1
   165 | D:1      | Reached skill level 1 in Stealth
   171 | D:1      | You fall into a shaft and drop 1 floor!
   272 | D:2      | Found a faded altar of an unknown god.
   277 | D:2      | Noticed Robin
   303 | D:2      | Reached XP level 2. HP: 19/22 MP: 2/2
   368 | D:2      | Killed Robin
   370 | D:2      | Reached XP level 3. HP: 19/27 MP: 3/3
  1482 | D:1      | Reached XP level 4. HP: 33/33 MP: 4/4
  2418 | D:3      | Reached skill level 5 in Long Blades
  2894 | D:3      | Reached XP level 5. HP: 38/38 MP: 5/5
  2986 | D:4      | Noticed Ijyb
  2993 | D:4      | Paralysed by Ijyb for 5 turns
  3022 | D:4      | Paralysed by Ijyb for 2 turns
  3026 | D:4      | Paralysed by Ijyb for 3 turns
  3029 | D:4      | Killed Ijyb
  3189 | D:4      | Found Qackann's Magic Scroll Shop.
  3317 | D:4      | Reached XP level 6. HP: 14/44 MP: 6/6
  3319 | D:4      | Gained mutation: You passively map a small area around you.
                  | [potion of mutation]
  3319 | D:4      | Gained mutation: You are weak. (Str -2) [potion of
                  | mutation]
  3319 | D:4      | Gained mutation: You are partially covered in iridescent
                  | scales. (AC +2) [potion of mutation]
  3319 | D:4      | Gained mutation: Your flesh is heat resistant. (rF+)
                  | [potion of mutation]
  3801 | D:5      | Entered Level 5 of the Dungeon
  3801 | D:5      | Found a shadowy altar of Dithmenos.
  3802 | D:5      | Noticed a water moccasin
  3898 | D:5      | Reached XP level 7. HP: 51/51 MP: 7/7
  4010 | D:5      | Found a runed translucent door.
  4010 | D:5      | Noticed jr88keys's ghost (novice MiFi)
  4211 | D:5      | Found Lyfotuss's Antique Weapon Shoppe.
  4219 | D:5      | Reached skill level 1 in Armour
  4706 | D:4      | Bought a scroll of fog for 52 gold pieces
  4706 | D:4      | Bought a scroll of identify for 26 gold pieces
  4706 | D:4      | Bought a scroll of poison for 52 gold pieces
  4706 | D:4      | Bought a scroll of enchant weapon for 97 gold pieces
  4716 | D:4      | Bought a scroll of identify for 26 gold pieces
  4716 | D:4      | Bought a scroll of identify for 26 gold pieces
  4716 | D:4      | Bought a scroll of identify for 26 gold pieces
  4785 | D:5      | Became a worshipper of Dithmenos the Shadowed
  4905 | D:6      | Reached skill level 5 in Dodging
  5097 | D:6      | Reached XP level 8. HP: 60/60 MP: 8/8
  5595 | D:6      | Found a sparkling altar of Nemelex Xobeh.
  5614 | D:7      | Noticed Dowan
  5616 | D:7      | Noticed Duvessa
  5653 | D:7      | Noticed a yak
  5692 | D:7      | Reached skill level 1 in Ranged Weapons
  5837 | D:7      | Noticed a yak
  5837 | D:7      | Noticed a yak
  5837 | D:7      | Noticed a yak
  6149 | D:7      | Reached skill level 10 in Long Blades
  6197 | D:7      | Killed Duvessa
  6223 | D:8      | Reached XP level 9. HP: 63/66 MP: 9/9
  6256 | D:8      | Reached * piety under Dithmenos
  6273 | D:8      | Reached skill level 5 in Stealth
  6378 | D:8      | Reached skill level 5 in Fighting
  6425 | D:7      | Found a runed translucent gate.
  6425 | D:7      | Found a runed translucent gate.
  6425 | D:7      | Found a runed translucent gate.
  6427 | D:7      | Noticed cforsyth's ghost (novice OgFE)
  6503 | D:7      | Reached skill level 1 in Evocations
  6561 | D:7      | Found a staircase to the Ecumenical Temple.
  6986 | D:7      | Killed Dowan
  7243 | D:8      | Reached ** piety under Dithmenos
  7333 | D:8      | Reached XP level 10. HP: 76/76 MP: 10/10
  7392 | D:8      | Found a staircase to the Lair.
  7827 | D:8      | Reached skill level 5 in Evocations
  7940 | D:8      | Reached *** piety under Dithmenos
  8339 | Lair:1   | Entered Level 1 of the Lair of Beasts
  8551 | Lair:1   | Noticed an elephant
  8681 | Lair:1   | Noticed a cane toad
  8687 | Lair:1   | Killed a cane toad
  8757 | Lair:1   | You fall into a shaft and drop 1 floor!
  8971 | Lair:2   | Noticed a black mamba
  8982 | Lair:2   | Killed a black mamba
  8983 | Lair:2   | Reached skill level 1 in Invocations
  8983 | Lair:2   | Reached XP level 11. HP: 42/87 MP: 10/12
 10545 | Lair:3   | Noticed a death yak
 10545 | Lair:3   | Noticed a death yak
 10546 | Lair:3   | Noticed a death yak
 10547 | Lair:3   | Noticed a death yak
 10547 | Lair:3   | Noticed a death yak
 10565 | Lair:3   | Noticed a death yak
 10584 | Lair:3   | Killed a death yak
 10584 | Lair:3   | Reached **** piety under Dithmenos
 10585 | Lair:3   | Reached skill level 10 in Dodging
 10607 | Lair:3   | Killed a death yak
 10663 | Lair:3   | Killed a death yak
 10664 | Lair:3   | Reached XP level 12. HP: 97/97 MP: 15/15
 10679 | Lair:3   | Killed a death yak
 10680 | Lair:3   | Reached skill level 10 in Fighting
 10698 | Lair:3   | Killed a death yak
 10727 | Lair:3   | Killed a death yak
 10935 | Lair:3   | Noticed a skyshark
 10970 | Lair:3   | Found a staircase to the Snake Pit.
 11470 | D:9      | Found a shimmering altar of Xom.
 11947 | D:9      | Reached ***** piety under Dithmenos
 12030 | D:9      | Found a glowing golden altar of the Shining One.
 12215 | D:9      | Reached skill level 10 in Evocations
 12236 | D:9      | Found a white marble altar of Elyvilon.
 12385 | D:10     | Entered Level 10 of the Dungeon
 12425 | D:10     | Noticed Amaemon
 12429 | D:10     | Killed Amaemon
 12558 | D:10     | Reached skill level 5 in Invocations
 12654 | D:10     | Noticed a two-headed ogre
 12658 | D:10     | Killed a two-headed ogre
 13253 | D:11     | Noticed a boulder beetle
 13277 | D:10     | Killed a boulder beetle
 13278 | D:10     | Reached XP level 13. HP: 83/103 MP: 16/18
 13353 | D:11     | Found a gate leading to a gauntlet.
 13416 | Gauntlet | Entered a Gauntlet
 13416 | Gauntlet | Found a transporter.
 13416 | Gauntlet | Found a transporter.
 13420 | Gauntlet | Found a transporter.
 13420 | Gauntlet | Found a transporter.
 13429 | Gauntlet | Found a transporter.
 13453 | Gauntlet | Found a transporter.
 13455 | Gauntlet | Found a transporter.
 13455 | Gauntlet | Noticed a cacodemon
 13456 | Gauntlet | Found a transporter.
 13458 | Gauntlet | Found a transporter.
 13462 | Gauntlet | Found a transporter.
 13496 | Gauntlet | Found a transporter.
 13532 | Gauntlet | Found a transporter.
 13547 | Gauntlet | Found a transporter.
 13549 | Gauntlet | Found a large runed translucent door.
 13549 | Gauntlet | Found a large runed translucent door.
 13550 | Gauntlet | Found a large runed translucent door.
 13550 | Gauntlet | Found a large runed translucent door.
 13551 | Gauntlet | Found a large runed translucent door.
 13551 | Gauntlet | Found a runed translucent door.
 13551 | Gauntlet | Found a large runed translucent door.
 13551 | Gauntlet | Found a runed translucent door.
 13551 | Gauntlet | Found a large runed translucent door.
 13551 | Gauntlet | Found a large runed translucent door.
 13552 | Gauntlet | Found a large runed translucent door.
 13552 | Gauntlet | Found a large runed translucent door.
 13555 | Gauntlet | Found a large runed translucent door.
 13555 | Gauntlet | Found a large runed translucent door.
 13557 | Gauntlet | Found a large runed translucent door.
 13557 | Gauntlet | Found a large runed translucent door.
 13557 | Gauntlet | Found a large runed translucent door.
 13559 | Gauntlet | Found a runed translucent gate.
 13559 | Gauntlet | Found a runed translucent gate.
 13559 | Gauntlet | Found a runed translucent gate.
 13561 | Gauntlet | Found a transporter.
 13572 | Gauntlet | Found a large runed translucent door.
 13662 | Gauntlet | Found a transporter.
 13680 | Gauntlet | Found a transporter.
 13928 | Gauntlet | Identified the amulet "Erieqyo" {Reflect Rampage rC+ rN+
                  | Will- SH+5}
 13966 | Gauntlet | Killed a cacodemon
 13976 | Gauntlet | Identified the +1 cloak "Hero's Friend" {Drain +Inv rC+++
                  | Regen+}
 14063 | Gauntlet | Noticed a minotaur
 14074 | Gauntlet | Killed a minotaur
 14085 | Gauntlet | Identified the +9 executioner's axe of Distraction
                  | {protect, Int-2 Dex+2 SInv}
 14095 | Gauntlet | Identified a scroll of acquirement
 14186 | D:11     | Acquired a manual of Fighting
 14466 | D:11     | Found a staircase to the Orcish Mines.
 14627 | D:11     | Noticed Nergalle
 14635 | D:11     | Killed Nergalle
 14904 | Orc:1    | Entered Level 1 of the Orcish Mines
 14929 | Orc:1    | Reached skill level 1 in Shields
 15316 | Orc:1    | Found a runed translucent door.
 15694 | Orc:2    | Entered Level 2 of the Orcish Mines
 15694 | Orc:2    | Noticed Nessos
 15703 | Orc:2    | Killed Nessos
 16199 | Orc:2    | Noticed Urug
 16212 | Orc:2    | Killed Urug
 16472 | Orc:2    | Identified the +2 dagger "Zuteischu" {holy, Str+3}
 16713 | Orc:2    | Found a staircase to the Elven Halls.
 16752 | Orc:2    | Found Racw's Assorted Antiques.
 16752 | Orc:2    | Found Waxefeq's Weapon Emporium.
 16752 | Orc:2    | Found Eraon's General Store.
 16756 | Orc:2    | Found Hueqaext's Antique Armour Shop.
 16851 | Orc:2    | Bought a lumpy sapphire potion for 23 gold pieces
 16851 | Orc:2    | Bought a viscous orange potion for 23 gold pieces
 17116 | Orc:2    | Bought a phial of floods for 520 gold pieces
 17116 | Orc:2    | Bought a potion of ambrosia for 104 gold pieces
 17356 | Lair:3   | Reached skill level 5 in Shields
 17361 | Lair:3   | Reached XP level 14. HP: 89/96 MP: 20/20
 17474 | Lair:3   | Reached ****** piety under Dithmenos
 17480 | Lair:3   | Found a staircase to the Swamp.
 18024 | Lair:4   | Found a staircase to the Slime Pits.
 18107 | Lair:4   | Found a blossoming altar of Fedhas.
 18309 | Lair:3   | Reached skill level 10 in Invocations
 18620 | Lair:5   | Entered Level 5 of the Lair of Beasts
 19288 | Lair:5   | Found an ornate altar of the Wu Jian Council.
 19711 | Lair:5   | Found a runed translucent door.
 19823 | Lair:5   | Reached XP level 15. HP: 124/124 MP: 24/24
 20374 | Lair:5   | Reached skill level 15 in Fighting
 20454 | Lair:5   | Identified the +1 dagger "Boowaonk" {freeze, Drain rC++}
 20457 | Lair:5   | Identified the amulet "Wesog" {Spirit rPois Dex+3}
 21241 | D:12     | Found an opulent altar of Gozag.
 21809 | D:13     | Noticed Rupert
 21812 | D:13     | Paralysed by Rupert for 2 turns
 21822 | D:13     | Killed Rupert
 22260 | D:13     | Found a portal to a secret trove of treasure.
 22706 | D:14     | Reached skill level 5 in Armour
 22766 | D:14     | Reached skill level 15 in Dodging
 22819 | D:14     | Identified the +1 long sword of Jutic {freeze, *Rage rPois
                  | rC+}
 22879 | D:14     | Found a gate to the Vaults.
 23266 | D:14     | Found Peokh's CLEARANCE SALE!.
 23274 | D:14     | Bought a scroll of blinking for 45 gold pieces
 23274 | D:14     | Bought a scroll of poison for 24 gold pieces
 23420 | D:15     | Entered Level 15 of the Dungeon
 23438 | D:15     | Reached skill level 1 in Short Blades
 23463 | D:15     | Found a frozen archway.
 23490 | IceCv    | Entered an ice cave
 23935 | IceCv    | Reached XP level 16. HP: 134/141 MP: 21/25
 23983 | IceCv    | Identified the ring of Loexaup {rElec MP+9 Stlth+}
 24051 | D:15     | Found a staircase to the Depths.
 24125 | D:15     | Found Sanlaeni's Antique Armour Boutique.
 25063 | D:13     | Upgraded the game from 0.30-a0-883-g5ad918d77d to
                  | 0.30-a0-900-g23479c02f2
 25065 | Trove    | Entered a treasure trove
 25072 | Trove    | Identified the +4 scimitar of the Ferocious God {spect,
                  | Str+3}
 25077 | Trove    | Identified the ring of Ipled {rN+ Will++ Str-4}
 25085 | Trove    | Identified the ring of Jarawk {rElec Int+6}
 25092 | Trove    | Identified the ring of Durom {Ice rElec Dex+3}
 25366 | Swamp:1  | Entered Level 1 of the Swamp
 25446 | Swamp:1  | Reached skill level 10 in Stealth
 25849 | Swamp:1  | Reached skill level 15 in Long Blades
 25922 | Swamp:1  | Noticed a thorn hunter
 26035 | Swamp:1  | Killed a thorn hunter
 26849 | Swamp:3  | Noticed a thorn hunter
 26869 | Swamp:2  | Killed a thorn hunter
 26885 | Swamp:3  | Noticed Louise
 27580 | Swamp:4  | Entered Level 4 of the Swamp
 27589 | Swamp:4  | Reached XP level 17. HP: 147/147 MP: 26/26
 28440 | Swamp:4  | Got a decaying rune of Zot
 28684 | Snake:1  | Entered Level 1 of the Snake Pit
 29126 | Snake:1  | Noticed Aizul
 29131 | Snake:1  | Killed Aizul
 29261 | Snake:1  | Found Vehegiab's Assorted Antiques.
 29270 | Snake:1  | Bought 2 silvery potions for 68 gold pieces
 29270 | Snake:1  | Bought a potion of heal wounds for 190 gold pieces
 29270 | Snake:1  | Bought a robe for 26 gold pieces
 29275 | Snake:1  | Bought a blackened golden ring for 190 gold pieces
 30160 | Snake:2  | Reached XP level 18. HP: 154/154 MP: 28/28
 30793 | Snake:3  | Reached skill level 5 in Ranged Weapons
 31616 | Snake:4  | Entered Level 4 of the Snake Pit
 32430 | Snake:4  | Reached XP level 19. HP: 161/161 MP: 29/29
 33302 | Snake:4  | Got a serpentine rune of Zot
 33306 | Snake:4  | Identified the +2 scale mail "Argheqoi" {rPois}
 34056 | Vaults:1 | Entered Level 1 of the Vaults
 34082 | Vaults:1 | Found Gozag's Antique Weapon Shop.
 34096 | Vaults:1 | Found an opulent altar of Gozag.
 34096 | Vaults:1 | Found Gozag's Assorted Antiques.
 34112 | Vaults:1 | Found Gozag's Antique Armour Boutique.
 34271 | Vaults:1 | Bought a smoking buckler for 950 gold pieces
 34271 | Vaults:1 | Identified the +4 buckler "Ozauxuf" {Contam rF++} (You
                  | bought it in a shop on level 1 of the Vaults)
 34289 | Vaults:1 | Bought a pair of glowing gloves for 750 gold pieces
 34294 | Vaults:1 | Found a crumbling gateway.
 34308 | Desolati | Entered the Desolation of Salt
 34431 | Desolati | Identified the amulet "Zaolemumeo" {Acrobat rF+ rN+ Str+2
                  | Dex-4}
 34436 | Desolati | Got the Precepts of Entrancing Transposition
 34476 | Desolati | Got the Excursus on the Xenolith
 34478 | Desolati | Got the Octavo of Repulsive Lightning
 34482 | Desolati | Identified the +1 quarterstaff "Dragonslayer" {flame, Drain
                  | +Blink rF+ Dex+3}
 34722 | Desolati | Reached skill level 10 in Ranged Weapons
 34762 | Desolati | Identified the +1 robe of Omission {rN+ Will+}
 34803 | Desolati | Got the Discourse on Limned Moulding
 34807 | Desolati | Got the Meditations on the Congregation and Austromancy
 34811 | Desolati | Got the Writings on Misfortune
 34827 | Desolati | Identified the +5 battleaxe of the Hero {flame, Will+
                  | Int+2}
 34967 | Desolati | Identified the ring of Ziunuhir {MP+9 Str+4}
 34980 | Desolati | Got the Elucidation of Metal
 35246 | Vaults:1 | Reached XP level 20. HP: 169/170 MP: 30/30
 36569 | Vaults:1 | Learned a level 2 spell: Passwall
 36572 | Vaults:1 | Learned a level 2 spell: Wereblood
 36746 | Vaults:2 | Noticed Nikola
 36752 | Vaults:2 | Killed Nikola
 36780 | Vaults:2 | Reached skill level 1 in Transmutations
 37027 | Vaults:2 | Reached skill level 1 in Spellcasting
 37027 | Vaults:2 | Reached skill level 1 in Earth Magic
 37421 | Vaults:2 | Reached XP level 21. HP: 176/180 MP: 27/31
 37802 | Vaults:2 | Found Udywn's Assorted Antiques.
 37819 | Vaults:2 | Noticed Sojobo
 37823 | Vaults:2 | Killed Sojobo
 37917 | Vaults:2 | Found a staircase to the Crypt.
 38141 | Vaults:3 | Reached skill level 5 in Transmutations
 39839 | Vaults:4 | Identified the +8 arbalest of the Final Friends {heavy, rC-
                  | Int+3 Stlth+}
 40164 | Vaults:4 | Reached skill level 10 in Transmutations
 40591 | Vaults:5 | Entered Level 5 of the Vaults
 40592 | Vaults:5 | Noticed Margery
 41014 | Depths:1 | Entered Level 1 of the Depths
 41062 | Depths:1 | Reached XP level 22. HP: 190/190 MP: 32/32
 41387 | Depths:1 | Found a transporter.
 41393 | Depths:1 | Noticed an ancient lich
 41396 | Depths:1 | Found a one-way gate to the infinite horrors of the Abyss.
 41396 | Depths:1 | Noticed Osilorir's ghost (veteran MfMo)
 41397 | Depths:1 | Found a transporter.
 41438 | Depths:1 | Identified the +1 cloak of Tuownuf {rCorr Int+7}
 41649 | Depths:1 | Reached skill level 5 in Spellcasting
 41729 | Depths:1 | Reached skill level 5 in Earth Magic
 42012 | Depths:1 | Found a gateway to Hell.
 42258 | Depths:2 | Paralysed by a floating eye for 2 turns
 42298 | Depths:2 | Found Huekuad's Assorted Antiques.
 42312 | Depths:2 | Paralysed by a floating eye for 3 turns
 42435 | Depths:2 | Bought a wand of light (4) for 554 gold pieces
 42453 | Depths:2 | Found a one-way gateway to a ziggurat.
 42962 | Depths:2 | Found a stormy altar of Qazlal.
 43079 | Depths:2 | Found an ancient bone altar of Kikubaaqudgha.
 43421 | Depths:2 | Found a one-way gate leading to the halls of Pandemonium.
 43586 | Depths:2 | Reached XP level 23. HP: 188/199 MP: 33/33
 44129 | Depths:2 | Paralysed by a sphinx for 3 turns
 44480 | Depths:3 | Found a white marble altar of Elyvilon.
 44543 | Depths:3 | Identified the +2 cloak of Dishonour {Harm}
 44548 | Depths:3 | Noticed the Enchantress
 44808 | Depths:3 | Paralysed by a floating eye for 3 turns
 44894 | Depths:3 | Killed the Enchantress
 45296 | Depths:3 | Noticed a caustic shrike
 45302 | Depths:3 | Killed a caustic shrike
 45319 | Depths:3 | Got the Lectures on Horrible Algor
 46157 | Depths:4 | Entered Level 4 of the Depths
 46225 | Depths:4 | Found Acwef's Assorted Antiques.
 46230 | Depths:4 | Found Boacek's General Store.
 46247 | Depths:4 | Found Meonepeha's Distillery.
 46284 | Depths:4 | Bought a potion of heal wounds for 140 gold pieces
 46284 | Depths:4 | Bought a clouded glass ring for 140 gold pieces
 46284 | Depths:4 | Identified the ring "Emur" {rC+ rN+ MP+9 Int+2 Dex-4} (You
                  | bought it in a shop on level 4 of the Depths)
 46309 | Depths:4 | Bought a potion of haste for 180 gold pieces
 46309 | Depths:4 | Bought a potion of haste for 180 gold pieces
 46309 | Depths:4 | Bought a potion of invisibility for 144 gold pieces
 46309 | Depths:4 | Bought a potion of haste for 180 gold pieces
 46309 | Depths:4 | Bought a potion of curing for 54 gold pieces
 46316 | Depths:4 | Bought 2 potions of curing for 168 gold pieces
 46316 | Depths:4 | Bought a potion of curing for 84 gold pieces
 46347 | Depths:4 | Found Loapor's Book Shoppe.
 46355 | Depths:4 | Bought a manual of Armour for 1440 gold pieces
 46397 | Depths:4 | Noticed Mennas
 46433 | Depths:4 | Reached skill level 15 in Evocations
 46557 | Depths:4 | Found Vumirph's Antique Armour Boutique.
 46781 | Depths:4 | Found a gate to the Realm of Zot.
 46814 | Depths:4 | Noticed a golden dragon
 46828 | Depths:4 | Killed a golden dragon
 47093 | Depths:4 | Noticed a golden dragon
 47123 | Depths:4 | Killed a golden dragon
 47736 | Elf:1    | Entered Level 1 of the Elven Halls
 47760 | Elf:1    | Paralysed by an orc sorcerer for 4 turns
 47902 | Elf:1    | Reached skill level 10 in Armour
 48218 | Elf:1    | Found Imeblie's Weapon Boutique.
 48228 | Elf:1    | Reached XP level 24. HP: 153/210 MP: 23/33
 48274 | Elf:1    | Bought the +9 dagger of Capital Punishment {antimagic, rN+
                  | Str-4 Int+3 Dex+3} for 863 gold pieces
 48596 | Elf:2    | Noticed Zenata
 48612 | Elf:2    | Killed Zenata
 48762 | Elf:2    | Identified Roxanne's Disquisition on Scree
 48762 | Elf:2    | Noticed Roxanne
 48771 | Elf:2    | Identified the ring "Ybykk" {Will+ MP+9}
 48886 | Elf:2    | Found Cestiafo's Weapon Shop.
 48911 | Elf:2    | Found the +8 arc blade {discharge, rElec}
 49027 | Elf:3    | Entered Level 3 of the Elven Halls
 49159 | Elf:2    | Killed Roxanne
 49193 | Elf:2    | Found a runed translucent gate.
 49193 | Elf:2    | Found a runed translucent gate.
 49193 | Elf:2    | Found a runed translucent gate.
 50051 | Elf:3    | Reached skill level 15 in Stealth
 50901 | Elf:3    | Identified the +1 robe of Ebuigat {Stlth+}
 50952 | Abyss:3  | Found a corrupted altar of Lugonu.
 50952 | Abyss:3  | Cast into level 3 of the Abyss (a deep elf sorcerer)
 50992 | Elf:3    | Escaped the Abyss
 51037 | Abyss:3  | Cast into level 3 of the Abyss (a deep elf demonologist)
 51085 | Abyss:3  | Found a corrupted altar of Lugonu.
 51239 | Abyss:3  | Found a corrupted altar of Lugonu.
 51379 | Abyss:3  | Found a corrupted altar of Lugonu.
 51597 | Elf:3    | Escaped the Abyss
 51926 | Elf:3    | Identified the +5 morningstar of the Final Decision {spect,
                  | *Noise Int+6 Dex+3}
 51926 | Elf:3    | Identified the +3 robe of Generosity {rPois}
 51992 | Abyss:3  | Cast into level 3 of the Abyss (a deep elf sorcerer)
 51996 | Abyss:3  | Found a corrupted altar of Lugonu.
 52239 | Abyss:3  | Reached XP level 25. HP: 217/217 MP: 33/33
 52289 | Abyss:3  | Found a corrupted altar of Lugonu.
 52561 | Abyss:3  | Reached skill level 27 in Dodging
 52583 | Abyss:3  | Paralysed by accursed screaming for 2 turns
 52657 | Elf:3    | Escaped the Abyss
 52778 | Elf:3    | Found the +2 pair of slick slippers {slick, slippery, EV+5}
 52785 | Elf:3    | Identified the +3 mace of the Rat {chaos, rF+ rC+++ Str-4
                  | Dex+2}
 52795 | Elf:3    | Identified the +1 cloak of the Skies Above {rElec rCorr
                  | SInv}
 52797 | Elf:3    | Got Sif Muna's Excursus on Fiery Abominable Rituals
 52834 | Elf:3    | Got the Vellum of Telluric Maleficent Spells
 53145 | Elf:3    | Upgraded the game from 0.30-a0-900-g23479c02f2 to
                  | 0.30-a0-913-g9934a0ce24
 53759 | Vaults:5 | Killed Margery
 53766 | Vaults:5 | Noticed Boris
 53781 | Vaults:5 | Killed Boris
 54104 | Vaults:5 | Noticed a dread lich
 54117 | Vaults:5 | Killed a dread lich
 54168 | Vaults:5 | Identified the +1 sling "Dragonslayer" {antimagic, rCorr}
 54196 | Vaults:5 | Noticed a dread lich
 54213 | Vaults:5 | Killed a dread lich
 54410 | Vaults:5 | Identified the +8 chain mail of Amorality {rPois rCorr}
 54410 | Vaults:5 | Identified the ring of Toereh Ejawn {+Blink Fly Int+3
                  | Dex+3}
 54445 | Vaults:5 | Got Cerebov's Spellbook of the Discharge
 54494 | Vaults:5 | Identified the +0 pair of boots "Dytzut" {Contam rN+ Str+4}
 54630 | Vaults:5 | Identified the +2 scale mail "Muixzer" {rF+ rCorr Dex+2}
 54638 | Vaults:5 | Noticed a dread lich
 54653 | Vaults:5 | Killed a dread lich
 54665 | Vaults:5 | Reached XP level 26. HP: 224/230 MP: 33/33
 55054 | Vaults:5 | Got a silver rune of Zot
 55129 | Vaults:5 | Got the Catalogue of Nightshade and Apparitions
 55145 | Vaults:5 | Noticed Frederick
 55603 | Zot:1    | Entered Level 1 of the Realm of Zot
 57400 | Zot:2    | Found a transporter.
 57405 | Zot:2    | Found a transporter.
 57407 | Zot:2    | Found a transporter.
 57408 | Zot:2    | Found a transporter.
 58020 | Zot:2    | Noticed an orb of fire
 58034 | Zot:2    | Gained mutation: You are clumsy. (Dex -2) [an orb of fire]
 58043 | Zot:2    | Killed an orb of fire
 58474 | Zot:2    | Reached XP level 27. HP: 228/229 MP: 11/33
 58812 | Zot:3    | Noticed an orb of fire
 58860 | Zot:3    | Gained mutation: You are dopey. (Int -2) [an orb of fire]
 58865 | Zot:3    | Killed an orb of fire
 61769 | Zot:4    | Reached skill level 27 in Fighting
 61773 | Zot:4    | Reached skill level 10 in Shields
 62445 | Zot:4    | Got Sif Muna's Encyclopedia of the Gift and Anathema
 62787 | Zot:5    | Entered Level 5 of the Realm of Zot
 62789 | Zot:5    | Found a burning altar of Makhleb.
 62909 | Zot:5    | Found a runed translucent gate.
 62909 | Zot:5    | Found a runed translucent gate.
 62909 | Zot:5    | Found a runed translucent gate.
 62909 | Zot:5    | Noticed bmack86's ghost (legendary MiFi)
 63202 | Zot:5    | Found a stormy altar of Qazlal.
 63591 | Zot:5    | Killed bmack86's ghost
 63697 | Zot:5    | Noticed a dread lich
 63728 | Zot:5    | Killed a dread lich
 63964 | Zot:5    | Noticed an orb of fire
 63969 | Zot:5    | Gained mutation: You are very weak. (Str -4) [an orb of
                  | fire]
 63970 | Zot:5    | Noticed an orb of fire
 63974 | Zot:5    | Gained mutation: You have hidden genetic defects. [an orb
                  | of fire]
 63975 | Zot:5    | Noticed an ancient lich
 63979 | Zot:5    | Killed an orb of fire
 63992 | Zot:5    | Killed an orb of fire
 63993 | Zot:5    | Reached skill level 5 in Throwing
 64001 | Zot:5    | Noticed an orb of fire
 64003 | Zot:5    | Killed an ancient lich
 64015 | Zot:5    | Lost mutation: You are clumsy. (Dex -2) [an orb of fire]
 64022 | Zot:5    | Killed an orb of fire
 64032 | Zot:5    | Noticed a dread lich
 64046 | Zot:5    | Killed a dread lich
 64056 | Zot:5    | Noticed an orb of fire
 64060 | Zot:5    | Noticed an orb of fire
 64063 | Zot:5    | Gained mutation: You occasionally lose the ability to read
                  | scrolls when taking damage. [an orb of fire]
 64063 | Zot:5    | Noticed a dread lich
 64065 | Zot:5    | Gained mutation: You sometimes lose your temper in combat.
                  | [an orb of fire]
 64077 | Zot:5    | Killed an orb of fire
 64088 | Zot:5    | Gained mutation: You are vulnerable to cold. (rC-) [a
                  | cacodemon]
 64096 | Zot:5    | Killed a dread lich
 64098 | Zot:5    | Gained mutation: You have an uncontrollable temper. [hidden
                  | defects]
 64107 | Zot:5    | Noticed an orb of fire
 64121 | Zot:5    | Gained mutation: You occasionally lose the ability to drink
                  | potions when taking damage. [an orb of fire]
 64302 | Zot:5    | Reached skill level 10 in Throwing
 64545 | Depths:3 | Lost mutation: You have hidden genetic defects. [potion of
                  | mutation]
 64545 | Depths:3 | Lost mutation: You have an uncontrollable temper. [potion
                  | of mutation]
 64545 | Depths:3 | Gained mutation: You are strong-willed. (Will+) [potion of
                  | mutation]
 64545 | Depths:3 | Gained mutation: You have a pair of small antennae on your
                  | head. [potion of mutation]
 64624 | D:15     | Lost mutation: Your flesh is heat resistant. (rF+) [potion
                  | of mutation]
 64624 | D:15     | Lost mutation: You are vulnerable to cold. (rC-) [potion of
                  | mutation]
 64624 | D:15     | Lost mutation: You are strong-willed. (Will+) [potion of
                  | mutation]
 64624 | D:15     | Lost mutation: You have a pair of small antennae on your
                  | head. [potion of mutation]
 64624 | D:15     | Gained mutation: You are strong-willed. (Will+) [potion of
                  | mutation]
 64630 | D:15     | Lost mutation: You passively map a small area around you.
                  | [potion of mutation]
 64630 | D:15     | Lost mutation: You occasionally lose the ability to drink
                  | potions when taking damage. [potion of mutation]
 64631 | D:15     | Lost mutation: You sometimes lose your temper in combat.
                  | [potion of mutation]
 64631 | D:15     | Lost mutation: You are strong-willed. (Will+) [potion of
                  | mutation]
 64631 | D:15     | Lost mutation: You occasionally lose the ability to read
                  | scrolls when taking damage. [potion of mutation]
 64631 | D:15     | Gained mutation: You are covered in fur. (AC +1) [potion of
                  | mutation]
 64631 | D:15     | Gained mutation: Your spells are a little easier to cast,
                  | but a little less powerful. [potion of mutation]
 64631 | D:15     | Lost mutation: You are very weak. (Str -4) [potion of
                  | mutation]
 64631 | D:15     | Gained mutation: You are agile. (Dex +4, Str/Int -1)
                  | [potion of mutation]
 64882 | Zot:5    | Gained mutation: Potions are less effective at restoring
                  | your health. [an orb of fire]
 64883 | Zot:5    | Killed an orb of fire
 65038 | Zot:5    | Gained mutation: You occasionally shout uncontrollably at
                  | your foes. [an orb of fire]
 65158 | Zot:5    | Gained mutation: You occasionally lose the ability to read
                  | scrolls when taking damage. [an orb of fire]
 65166 | Zot:5    | Killed an orb of fire
 65268 | Zot:5    | Noticed an orb of fire
 65273 | Zot:5    | Gained mutation: You are very weak. (Str -4) [an orb of
                  | fire]
 65276 | Zot:5    | Gained mutation: Armour fits poorly on your strangely
                  | shaped body. [an orb of fire]
 65281 | Zot:5    | Gained mutation: You are frail. (-10% HP) [an orb of fire]
 65289 | Zot:5    | Killed an orb of fire
 65656 | Zot:5    | Got the Orb of Zot
 65724 | Zot:3    | Noticed Eppose the pandemonium lord
 65743 | Zot:3    | Killed Eppose the pandemonium lord
 66264 | D:$      | Escaped with the Orb!

Illustrated notes

Levels and vault maps discovered:
D:1:      minmay_arrival_four_loops, layout_basic, serial_rivers,
          chequers_serial_rivers_small_b, chequers_serial_rivers_room_a,
          chequers_serial_rivers_large_a, chequers_serial_rivers_marsh,
          chequers_serial_rivers_room_b, chequers_serial_rivers_micro_b,
          minmay_misc_feat_ornament
D:2:      layout_loops_corners, hellmonk_ecumenical_altar_lost_god, uniq_robin
D:3:      layout_loops_ring, hangedman_decor_points, st_stairs_4
D:4:      layout_cave_pods, serial_shops, nicolae_take_the_stairs, uniq_ijyb
D:5:      layout_basic, amcnicky_altar_gilded, hellmonk_ghost_happy_afterlife,
          kennysheep_windowed_goal
D:6:      wad_crossroads, layout_loops_cross, nemelex_xobeh_ov_fountains_minmay
D:7:      layout_loops_ring, minmay_temple_entry_proselytizer,
          ebering_ghost_rock_garden, uniq_duvessa
D:8:      layout_cave_pools, hellmonk_lair_entry_icy, serial_gnoll_camp,
          gnoll_camp_mini_basic, gnoll_camp_huts_moat, gnoll_camp_mini_house,
          gnoll_camp_mini_hut, gnoll_camp_mini_doghouse, gnoll_camp_medium_01
D:9:      layout_basic, old_standard_altar, mainiacjoe_overflow_surrounded_room,
          mainiacjoe_overflow_brackets, minmay_misc_feat_diagonals,
          hangedman_minor_magic
D:10:     kennysheep_six_static_rooms, layout_loops_cross, uniq_amaemon
D:11:     layout_small_grid, orc_0_dummy, gauntlet_entry_generic,
          nicolae_kite_square_tiling_tiny, uniq_nergalle
D:12:     layout_stronghold, grunt_gozag_breadcrumbs
D:13:     layout_long_grid, enter_trove_1, minivault_4, uniq_rupert
D:14:     layout_roguey, skrybe_vaults_entry_preservation,
          nicolae_shop_clearance
D:15:     grunt_enter_depths_giant_problem, layout_basic, serial_shops, shop,
          roderic_lattice_a, portal_ice_cave_entry_pillars_2
Lair:1:   layout_regular_city, lemuel_fruit_tree, lemuel_fruit_fields
Lair:2:   layout_gridlike
Lair:3:   wander_river, layout_long_grid, palyth_hydra_swamp_entry,
          minmay_snake_entry_guardpost_small, st_stairs_3,
          infiniplex_staircase_pool
Lair:4:   layout_cave_shapes, nicolae_slime_entry_slimehenge,
          hangedman_tree_tricks, serial_bayou_shore_b, lemuel_fruit_fields
Lair:5:   wormcave, layout_gridlike, guppyfry_lair_end_dragon,
          grunt_forest_stairs_basic, lemuel_oklob_altar, grunt_megastairs_2,
          serial_bayou_shore_a
Swamp:1:  layout_basic_swamp, nicolae_swamp_fairy_circle
Swamp:2:  layout_basic_swamp, evilmike_swamp_ruin_rubble_1
Swamp:3:  layout_falls_marsh, evilmike_swamp_ruin_house_3, uniq_louise
Swamp:4:  swamp_alternative, layout_basic_swamp
Snake:1:  layout_gridlike, serial_shops, nicolae_shop_hallway_stairs,
          st_stairs_13, nicolae_large_snake_swirl, uniq_aizul
Snake:2:  layout_basic, grunt_ministairs_9, serial_bayou_shore_b
Snake:3:  layout_basic, grunt_megastairs_3
Snake:4:  grunt_snake_rune_pools, layout_misc_corridors,
          nicolae_snake_herptile_family_reunion
Orc:1:    layout_caves, lightli_church_of_beogh
Orc:2:    st_orc_rangers, layout_caves, nicolae_orc_sculptors_studio,
          uniq_nessos, uniq_urug
Elf:1:    nicolae_elf_arrival_no_cutting_in_line, layout_geoelf_octagon,
          serial_shops, shop, minivault_28
Elf:2:    elven_hall_of_blades_hangedman_original
          [nicolae_blade_entry_floor_patterns], layout_gridlike, serial_shops,
          nicolae_diamond_shop, uniq_zenata, uniq_roxanne
Elf:3:    minmay_elf_hall_four_x, layout_loops_corners, nrook_loot_triangle,
          grunt_ministairs_7, chequers_big_river, dreamdust_deal_with_the_devil,
          drop_trap
Vaults:1: portal_desolation_entry_ruin, ontoclasm_vaults_shuriken,
          nicolae_vaults_alarming, nicolae_vaults_windows_and_doors_thing,
          kennysheep_vaults_gozag_temple, v_rooms_4,
          nicolae_vaults_stairing_the_circle, vaults_mumra_chevron_long,
          v_alt_pattern_3, v_misc_29, ontoclasm_vaults_tryst,
          hangedman_vaults_river_flow, nicolae_vaults_circle_grid_b,
          layout_vaults_maze
Vaults:2: hangedman_vaults_stitches, minmay_crypt_entry_simple_statues,
          v_pattern_3, hangedman_vaults_slice, nicolae_vaults_little_squares_2,
          vaults_room_semicircle, v_alt_pattern_6,
          nicolae_vaults_sealed_display, ontoclasm_vaults_loading_screen,
          layout_vaults_omnigrid, serial_shops, shop, uniq_nikola, uniq_sojobo
Vaults:3: v_rooms_1, nicolae_vaults_network_square, v_misc_1, v_misc_8,
          hangedman_vaults_maws, hangedman_vaults_snaps, v_misc_18,
          nicolae_vaults_little_squares_4, layout_vaults_omnicross
Vaults:4: grunt_vaults_trifunnel, nicolae_vaults_yaktaur_gun_rack, v_misc_30,
          nicolae_vaults_an_arrangement, hangedman_vaults_trim,
          vaults_dpeg_cross, vaults_room_fancy_cross,
          ontoclasm_vaults_claustrophobia, v_misc_9,
          nicolae_vaults_border_crossing, v_misc_16, vaults_dpeg_diagonal,
          hangedman_vaults_impose, vaults_room_pools, layout_vaults_ring
Vaults:5: serial_shops, uniq_frederick, uniq_margery, uniq_boris
Depths:1: layout_twisted_cross, lightli_too_deep,
          gammafunk_ghost_abyssal_escape, drop_trap, kennysheep_boxes
Depths:2: hangedman_hanging_gardens, layout_gridlike, enter_ziggurat_f,
          grunt_pan_entry_spiral, grunt_hell_entry_dis_mu,
          kiku_gazebo_garden_becter, serial_shops, nicolae_stop_n_shop_1,
          nicolae_qazlal_style_of_elements, serial_bayou_shore_b
Depths:3: minmay_tri_box, layout_cave_shapes, hell_entry, elyvilon_altar_3,
          minmay_room_of_horrors, chequers_serial_rivers_small_3, minivault_16,
          nicolae_fountain_basement, uniq_enchantress
Depths:4: grunt_zot_entry_pinwheel, layout_gridville, pf_hell_entry_tar_spiral,
          serial_shops, shop_fountains, shop, nicolae_shop_trees,
          nicolae_shop_trees, nicolae_shop_hallway_plus,
          minmay_misc_feat_nine_boxes, uniq_mennas
Zot:1:    layout_basic, guppyfry_library_mini
Zot:2:    layout_gridlike, nicolae_diode_intersection
Zot:3:    lemuel_halls_of_wrath, layout_cathedral_of_symmetry, evilmike_ambush
          [evilmike_ambush_outer_pillars, evilmike_ambush_inner_basic]
Zot:4:    infiniplex_zot_generator, layout_twisted_circle
Zot:5:    layout_cathedral_of_symmetry, ebering_ghost_rock_garden,
          hangedman_zot_decor_checkerboard, hangedman_feature_mirror

Skill      XL: |  1  2  3  4  5  6  7  8  9 10 11 12 13 14 15 16 17 18 19 20 21 22 23 24 25 26 27 |
---------------+----------------------------------------------------------------------------------+-----
Stealth        | 1 2 3 4 6 7 10 11 15 | 15.0
Long Blades    | 4 5 6 8 10 11 12 13 14 15 17 | 17.8
Fighting       | 3 4 5 8 9 10 13 17 18 19 20 22 23 25 27 | 27.0
Armour         | 1 2 4 5 6 8 9 11 12 14 | 14.0
Dodging        | 5 6 8 10 12 13 14 15 16 18 20 23 24 25 26 27 | 27.0
Ranged Weapons | 2 4 8 10 13 14 | 14.0
Evocations     | 4 6 7 10 11 12 13 16 18 19 | 19.0
Invocations    | 1 4 6 8 12 13 14 | 14.0
Throwing       | 4 13 | 13.9
Shields        | 5 6 12 | 12.0
Short Blades   | 3 4 |  4.1
Transmutations | 3 10 12 | 12.0
Spellcasting   | 2 4 5 |  5.0
Earth Magic    | 2 4 6 |  6.0

Action                     |  1- 3 |  4- 6 |  7- 9 | 10-12 | 13-15 | 16-18 | 19-21 | 22-24 | 25-27 || total
---------------------------+-------+-------+-------+-------+-------+-------+-------+-------+-------++-------
  Melee: Long sword        |    88 |    83 |   297 |   432 |       |       |       |       |       ||   900
         Tailslap          |     3 |       |       |    21 |     9 |    21 |       |     1 |    21 ||    76
         Dagger            |     1 |     8 |    44 |   144 |   242 |    97 |   120 |    92 |    71 ||   819
         Punch             |       |     2 |     8 |    13 |       |       |       |       |       ||    23
         Great sword       |       |       |       |    53 |    36 |       |       |       |       ||    89
         Scimitar          |       |       |       |       |   886 |   166 |       |       |       ||  1052
         Double sword      |       |       |       |       |       |   759 |  1138 |  1554 |  2420 ||  5871
         Unarmed           |       |       |       |       |       |       |       |       |     9 ||     9
   Fire: Sling             |     8 |    28 |    64 |   287 |   234 |   356 |    81 |   214 |   251 ||  1523
  Throw: Javelin           |     1 |       |       |       |     2 |     3 |     1 |     2 |    22 ||    31
         Throwing net      |       |     4 |     2 |       |       |       |       |       |       ||     6
         Dart              |       |     1 |     3 |     8 |    18 |       |       |       |     1 ||    31
         Boomerang         |       |       |     3 |       |       |       |       |       |       ||     3
   Cast: Wereblood         |       |       |       |       |       |       |     1 |    38 |    40 ||    79
 Invoke: Shadow Step       |       |       |       |     3 |     8 |     9 |     6 |     3 |     2 ||    31
Ability: Evoke Invisibilit |       |       |       |       |     6 |       |     1 |     1 |     6 ||    14
         Evoke Blink       |       |       |       |       |       |       |       |     1 |       ||     1
  Evoke: Wand              |       |       |     9 |     2 |    10 |    11 |     1 |    15 |    10 ||    58
         Phial of floods   |       |       |       |       |     1 |       |     1 |     1 |       ||     3
         Tin of tremorston |       |       |       |       |       |       |       |     4 |       ||     4
         Condenser vane    |       |       |       |       |       |       |       |       |     7 ||     7
    Use: Potion            |       |     2 |       |       |     3 |     1 |     1 |     5 |    15 ||    27
         Scroll            |       |       |    12 |     5 |    15 |    10 |     3 |    11 |    10 ||    66
   Stab: Sleeping          |     4 |     5 |     3 |    14 |    35 |    44 |    77 |    40 |    42 ||   264
         Held in net/web   |       |     1 |     4 |       |       |       |       |       |       ||     5
         Distracted        |       |       |       |     1 |     5 |     1 |     5 |    17 |    10 ||    39
         Invisible         |       |       |       |       |    19 |     1 |     3 |     4 |    57 ||    84
         Paralysed         |       |       |       |       |     2 |       |       |       |       ||     2
         Confused          |       |       |       |       |       |     2 |       |       |       ||     2
         Petrified         |       |       |       |       |       |       |       |    10 |       ||    10
 Armour: Ring mail         |    27 |    40 |   154 |   129 |       |       |       |       |       ||   350
         Acid dragon scale |       |       |       |    49 |   251 |   226 |   172 |   300 |   271 ||  1269
         Swamp dragon scal |       |       |       |       |     6 |       |       |       |       ||     6
  Dodge: Dodged            |    66 |    68 |   268 |   539 |   920 |  1034 |  1109 |  1903 |  2902 ||  8809
  Block: Buckler           |       |       |       |       |   274 |   362 |   577 |   938 |  1284 ||  3435

Table legend: (Time is in decaauts)
 A = Elapsed time spent in this place.
 B = Non-inter-level travel time spent in this place.
 C = Inter-level travel time spent in this place.
 D = Time resting spent in this place.
 E = Time spent auto-exploring this place.
 F = Levels seen in this place.
 G = Mean time per level.
                   A        B        C        D        E       F      G
               +--------+--------+--------+--------+--------+-----+--------+
         Total |  63086 |  56264 |   6822 |    662 |  35485 |  54 | 1168.3 |
       Dungeon |  15911 |  13555 |   2356 |    105 |   9351 |  15 | 1060.7 |
          Lair |   6752 |   5489 |   1263 |    123 |   3024 |   5 | 1350.4 |
         Swamp |   2794 |   2642 |    152 |     56 |   1632 |   4 |  698.5 |
     Snake Pit |   4684 |   4460 |    224 |      5 |   2771 |   4 | 1171.0 |
  Orcish Mines |   2230 |   1944 |    286 |      4 |   1055 |   2 | 1115.0 |
   Elven Halls |   4103 |   3839 |    264 |      0 |   2583 |   3 | 1367.7 |
        Vaults |   7566 |   6783 |    783 |    163 |   4274 |   5 | 1513.2 |
        Depths |   6742 |   5909 |    833 |    113 |   3760 |   4 | 1685.5 |
           Zot |   8964 |   8305 |    659 |     90 |   5572 |   5 | 1792.8 |
         Abyss |   1190 |   1190 |      0 |      0 |    575 |   3 |  396.7 |
         Trove |     56 |     56 |      0 |      0 |      6 |   1 |   56.0 |
      Ice Cave |    509 |    509 |      0 |      0 |    214 |   1 |  509.0 |
    Desolation |    837 |    837 |      0 |      3 |    328 |   1 |  837.0 |
      Gauntlet |    741 |    741 |      0 |      0 |    336 |   1 |  741.0 |
               +--------+--------+--------+--------+--------+-----+--------+

Top non-repeatable levels by time:
   Zot:3: 2378 daAuts
   Elf:3: 2155 daAuts
Depths:3: 2129 daAuts
Depths:2: 2100 daAuts
   Zot:5: 1903 daAuts
Vaults:1: 1820 daAuts
 Snake:4: 1779 daAuts
   Zot:4: 1723 daAuts
   Zot:2: 1671 daAuts
Vaults:5: 1580 daAuts
Vaults:4: 1546 daAuts
  Lair:5: 1499 daAuts
  Lair:3: 1437 daAuts
     D:8: 1432 daAuts
  Lair:1: 1405 daAuts
